AoeStats
← Xtreme | ticohzao

QS Arena

503712098Analyzed
4v4 RM · 1mo ago on Sep 1, 2026· 54m 5s· 8 players
Game mode
Random Map
Map size
Large (8 player)
Population
200
Speed
Normal
Resources
Standard
Victory
Conquest
Starting age
Dark Age
Ending age
Imperial Age
RankedLock teamsTeams togetherTeam positionsShared explorationLock speedFull tech treeHidden civsTurbo modeCheats
Victory
Defeat
🇧🇷 Italians · Brazil
1417
+16
🇦🇷 Khmer · Argentina
1363
+18
🇦🇷 Britons · Argentina
1343
+19
🇧🇷 Persians · Brazil
1317
+20
🇧🇷 Ethiopians · Brazil
1445
-20
🇧🇷 Khmer · Brazil
1431
-19
🇻🇳 Franks · Vietnam
1411
-18
🇨🇳 Britons · China
1362
-16
Xtreme | Rayden
8:32 Feudal Age
11:33 Castle Age
9:46 Double-Bit Axe
11:03 Horse Collar
15:55 Loom
17:34 Town Watch
19:26 Bow Saw
20:57 Wheelbarrow
23:12 Heavy Plow
24:17 Hand Cart
23:55 Gold Mining
28:57 Imperial Age
26:43 Husbandry
27:52 Scale Barding Armor
27:58 Forging
28:49 Bloodlines
29:35 Chain Barding Armor
30:06 Tusk Swords
31:13 Conscription
31:29 Plate Barding Armor
30:57 Elite Battle Elephant
33:20 Iron Casting
33:16 Capped Ram
35:25 Blast Furnace
35:22 Fletching
36:16 Light Cavalry
37:09 Siege Ram
39:20 Bodkin Arrow
39:26 Padded Archer Armor
39:38 Masonry
42:19 Hussar
42:55 Onager
Xtreme | ticohzao
7:55 Feudal Age
6:15 Loom
8:56 Double-Bit Axe
12:50 Castle Age
12:47 Stone Mining
16:44 Fletching
21:11 Bow Saw
25:44 Wheelbarrow
30:11 Imperial Age
28:00 Gold Mining
30:17 Horse Collar
31:28 Gold Shaft Mining
32:51 Two-Man Saw
31:40 Town Watch
31:25 Onager
32:41 Conscription
34:15 Siege Onager
35:36 Heavy Plow
35:15 Capped Ram
38:38 Chemistry
37:06 Siege Ram
38:30 Halberdier
39:10 Squires
38:56 Arson
39:12 Scale Mail Armor
39:22 Forging
39:43 Hand Cart
40:17 Chain Mail Armor
41:54 Iron Casting
44:48 Blast Furnace
44:19 Plate Mail Armor
danganharmy
7:50 Feudal Age
12:09 Castle Age
10:42 Double-Bit Axe
19:17 Wheelbarrow
22:14 Hand Cart
24:08 Bow Saw
23:54 Loom
23:54 Town Watch
28:04 Imperial Age
25:46 Forging
25:37 Scale Mail Armor
25:10 Pikeman
25:51 Squires
26:17 Gold Mining
26:17 Stone Mining
27:33 Iron Casting
28:10 Chain Mail Armor
27:42 Arson
29:48 Chemistry
28:12 Halberdier
30:17 Blast Furnace
29:47 Plate Mail Armor
32:14 Ballistics
33:54 Plate Mail Armor
33:29 Scale Barding Armor
34:43 Siege Engineers
34:22 Cavalier
35:02 Husbandry
35:45 Chain Barding Armor
36:01 Fortified Wall
36:01 Masonry
36:05 Paladin
38:50 Plate Barding Armor
40:25 Gold Shaft Mining
41:00 Fletching
41:11 Padded Archer Armor
42:01 Bodkin Arrow
44:16 Architecture
45:29 Light Cavalry
48:47 Murder Holes
49:16 Conscription
49:41 Heavy Scorpion
50:31 Caravan
51:44 Hoardings
名奈奈奈
8:41 Feudal Age
12:56 Castle Age
11:06 Horse Collar
11:39 Double-Bit Axe
18:31 Loom
23:20 Imperial Age
22:12 Bow Saw
23:20 Fletching
23:31 Padded Archer Armor
25:24 Bodkin Arrow
26:50 Conscription
28:08 Bracer
31:36 Leather Archer Armor
34:00 Gold Mining
34:00 Stone Mining
37:34 Wheelbarrow
37:47 Warwolf
49:12 Caravan
52:11 Elite Skirmisher
53:41 Hand Cart
53:49 Crossbowman
GAX | SUPERBOY
7:49 Feudal Age
12:42 Castle Age
10:35 Double-Bit Axe
10:54 Horse Collar
15:39 Wheelbarrow
18:56 Bow Saw
19:46 Loom
20:50 Town Watch
22:12 Heavy Plow
24:01 Gold Mining
28:07 Imperial Age
26:10 Hand Cart
26:34 Gold Shaft Mining
26:11 Scale Barding Armor
26:17 Forging
27:41 Chain Barding Armor
28:47 Bloodlines
28:38 Husbandry
28:45 Cavalier
30:05 Plate Barding Armor
30:06 Iron Casting
29:40 Husbandry
30:19 Coinage
30:15 Savar
32:22 Two-Man Saw
31:54 Crop Rotation
31:47 Conscription
33:17 Blast Furnace
33:54 Fletching
34:05 Padded Archer Armor
34:43 Hoardings
34:05 Stone Mining
37:16 Bodkin Arrow
40:24 Stone Shaft Mining
41:03 Leather Archer Armor
40:52 Kamandaran
41:58 Chemistry
41:18 Ballistics
41:10 Masonry
41:42 Light Cavalry
43:45 Banking
43:26 Guilds
44:44 Caravan
54:11 Architecture
53:37 Murder Holes
54:18 Ring Archer Armor
alf
8:15 Feudal Age
6:33 Loom
12:28 Castle Age
13:37 Fletching
14:32 Town Watch
14:40 Double-Bit Axe
19:36 Horse Collar
21:49 Bodkin Arrow
21:55 Padded Archer Armor
24:59 Murder Holes
25:24 Gold Mining
26:18 Leather Archer Armor
30:31 Imperial Age
31:23 Bracer
32:26 Chemistry
32:53 Bow Saw
33:54 Conscription
36:17 Masonry
41:08 Heavy Plow
42:31 Ballistics
43:44 Ring Archer Armor
44:45 Scale Mail Armor
44:55 Forging
45:52 Chain Mail Armor
45:08 Pikeman
45:48 Squires
45:34 Gambesons
46:51 Yeomen
47:40 Halberdier
48:56 Plate Mail Armor
51:40 Iron Casting
51:46 Elite Longbowman
53:17 Wheelbarrow
GAX | Schena
8:19 Feudal Age
10:06 Loom
12:47 Castle Age
10:51 Double-Bit Axe
11:15 Horse Collar
14:32 Bow Saw
16:30 Wheelbarrow
16:50 Fervor
27:48 Imperial Age
25:30 Gold Mining
25:32 Stone Mining
26:35 Fletching
26:46 Padded Archer Armor
26:34 Elite Skirmisher
27:57 Bodkin Arrow
28:17 Leather Archer Armor
29:29 Chemistry
28:51 Ballistics
28:51 Hand Cart
31:20 Redemption
32:25 Pikeman
35:06 Bracer
35:36 Ring Archer Armor
37:18 Forging
40:30 Stone Shaft Mining
42:44 Conscription
41:45 Elite Genoese Crossbowman
42:57 Capped Ram
43:44 Arrowslits
43:50 Guard Tower
46:06 Murder Holes
48:21 Crossbowman
49:09 Thumb Ring
49:18 Pirotechnia
51:35 Town Watch
51:37 Treadmill Crane
52:33 Keep
SanMartin
7:36 Feudal Age
11:06 Castle Age
9:26 Double-Bit Axe
9:29 Horse Collar
10:11 Double-Bit Axe
19:42 Heavy Plow
20:16 Bow Saw
21:07 Loom
22:50 Stone Mining
22:52 Gold Mining
27:01 Imperial Age
26:32 Scale Barding Armor
28:18 Chain Barding Armor
28:00 Husbandry
28:21 Fletching
28:45 Bloodlines
28:31 Town Watch
29:21 Wheelbarrow
30:08 Ballistics
30:48 Chemistry
29:59 Siege Engineers
30:54 Conscription
31:24 Double Crossbow
32:21 Hoardings
32:03 Masonry
31:52 Murder Holes
32:37 Plate Barding Armor
32:49 Elite Ballista Elephant
34:09 Light Cavalry
35:30 Bodkin Arrow
36:06 Forging
35:57 Hussar
36:41 Bracer
38:36 Iron Casting
42:36 Blast Furnace
51:04 Capped Ram
52:06 Siege Ram
Connection lost

Rejoining the realm…

Still unreachable

The connection could not be restored.

Session expired

The server has moved on; the page needs a fresh start.